Map: [ESL] Solaris

Players

DKZherO (herO) - Winner!

  • Race: Protoss Protoss
  • League: Grandmaster
  • Spawn Location: 7:00

LiquidCure (Cure)

  • Race: Terran Terran
  • League: Master
  • Spawn Location: 1:00

VOD

Have the link to the VOD?

Description

Time

  • Played on: Nov. 21, 2023, 7:09 a.m.
  • Length: 11:44
Show
View Real Time Build Order
Export as new Build Order

DKZherO Protoss - Winner!

Build Orders: 1 Gate Expand, Phoenix Opening, Colossus Rush 

Get SALT Encoding   

  12  0:00  Probe  
  13  0:12  Probe  
  14  0:17  Pylon  
  14  0:24  Probe (Chrono Boost)  
  16  0:36  Probe (Chrono Boost)  
  16  0:37  Gateway  
  16  0:43  Probe (Chrono Boost)  
  16  0:46  Assimilator  
  17  0:50  Probe  
  18  1:02  Probe  
  19  1:15  Probe  
  20  1:24  Cybernetics Core  
  20  1:32  Nexus  
  20  1:39  Pylon  
  20  1:41  Probe  
  21  1:47  Assimilator  
  21  1:53  Probe  
  22  1:57  Adept (Chrono Boost)  
  24  2:05  Probe  
  25  2:17  Probe  
  25  2:20  Adept  
  28  2:25  Stargate  
  28  2:28  Shield Battery  
  29  2:30  Probe (Chrono Boost)  
  29  2:31  Warp Gate  
  29  2:41  Probe (Chrono Boost)  
  31  2:45  Probe (Chrono Boost)  
  31  2:50  Adept, Probe (Chrono Boost)  
  34  2:53  Probe (Chrono Boost)  
  34  2:57  Probe (Chrono Boost)  
  34  2:58  Probe (Chrono Boost)  
  37  3:08  Phoenix  
  37  3:10  Probe  
  37  3:11  Probe  
  41  3:15  Pylon  
  41  3:22  Probe  
  41  3:23  Probe  
  41  3:24  Robotics Facility  
  43  3:33  Phoenix  
  45  3:34  Assimilator  
  45  3:37  Assimilator  
  45  3:40  Probe (Chrono Boost)  
  47  3:43  Probe (Chrono Boost)  
  47  3:49  Pylon  
  47  3:52  Probe (Chrono Boost)  
  49  3:56  Probe (Chrono Boost)  
  49  3:57  Probe (Chrono Boost)  
  49  4:01  Gateway  
  52  4:04  Probe  
  52  4:06  Probe  
  54  4:13  Robotics Bay  
  54  4:16  Probe  
  54  4:17  Observer (Chrono Boost)  
  54  4:18  Probe  
  54  4:23  Pylon  
  55  4:26  Immortal (Chrono Boost)  
  55  4:29  Probe  
  55  4:30  Probe  
  61  4:39  Nexus  
  61  4:44  Shield Battery  
  61  4:51  Sentry  
  63  4:54  Pylon  
  63  5:00  Colossus (Chrono Boost)  
  63  5:04  Pylon  
  69  5:07  Pylon  
  69  5:09  Gateway  
  69  5:14  Sentry x2  
  69  5:17  Shield Battery  
  69  5:20  Phoenix  
  75  5:27  Probe x2  
  77  5:39  Probe x2  
  77  5:40  Colossus (Chrono Boost)  
  85  5:44  Stalker x2  
  89  5:51  Probe x3  
  89  5:52  Phoenix (Chrono Boost)  
  94  6:06  Twilight Council  
  94  6:07  Probe x2  
  94  6:08  Forge  
  94  6:09  Probe  
  97  6:15  Phoenix (Chrono Boost)  
  97  6:18  Pylon  
  99  6:20  Probe x2  
  99  6:22  Probe  
  101  6:28  Colossus (Chrono Boost)  
  101  6:31  Zealot  
  109  6:34  Pylon  
  109  6:35  Protoss Ground Weapons Level 1 (Chrono Boost)  
  109  6:36  Zealot x2  
  113  6:40  Gateway  
  113  6:42  Probe, Charge (Chrono Boost)  
  113  6:43  Pylon  
  113  6:45  Phoenix  
  116  7:02  Zealot x3  
  122  7:12  Gateway x2  
  122  7:13  Assimilator  
  122  7:15  Probe x3  
  125  7:17  Assimilator, Gravitic Drive  
  125  7:19  Warp Prism  
  125  7:22  Phoenix  
  129  7:26  Pylon  
  129  7:29  Pylon  
  129  7:30  Probe x3, Pylon  
  129  7:35  Gateway  
  132  7:38  Templar Archives  
  132  7:44  Zealot  
  132  7:45  Zealot  
  132  7:47  Phoenix  
  132  7:51  Photon Cannon  
  138  7:52  Zealot  
  138  7:55  Photon Cannon, Probe  
  141  8:03  Immortal (Chrono Boost)  
  145  8:15  Phoenix, Pylon  
  147  8:21  Pylon  
  147  8:23  Protoss Ground Armor Level 1 (Chrono Boost)  
  147  8:26  Gateway  
  147  8:27  Zealot x5  
  157  8:40  Phoenix  
  159  8:41  Pylon  
  159  8:43  Pylon  
  159  8:47  Observer (Chrono Boost)  
  160  8:50  Zealot x4, High Templar x2  
  160  8:55  Archon  
  166  9:09  Immortal  
  170  9:16  Zealot x5  
  170  9:26  Phoenix  
  156  9:35  Zealot x3  
  126  9:40  Zealot x5  
  126  9:45  Colossus (Chrono Boost)  
  102  9:51  Phoenix (Chrono Boost)  
  98  9:53  Forge  
  98  9:56  High Templar x3  
  104  10:04  Zealot x4, High Templar  
  104  10:05  Archon  
  114  10:08  Archon  
  114  10:13  Phoenix (Chrono Boost)  
  116  10:26  Colossus (Chrono Boost)  
  116  10:33  Sentry x2, Zealot x4  
  116  10:34  Observer  
  134  10:42  Nexus  
  134  10:58  Pylon  
  134  11:02  Zealot  
  134  11:03  Zealot x5  
  146  11:10  Stalker x2  
  146  11:25  Zealot x6  
Show
View Real Time Build Order
Export as new Build Order

LiquidCure Terran 

Build Orders: Cyclone Opening, Reaper Expand 

Get SALT Encoding   

  12  0:00  SCV  
  13  0:12  SCV  
  14  0:17  Supply Depot  
  14  0:24  SCV  
  15  0:38  SCV  
  15  0:39  Barracks  
  15  0:42  Refinery  
  16  0:51  SCV  
  17  0:57  Supply Depot  
  17  1:03  SCV  
  18  1:15  SCV  
  19  1:28  Reaper, Orbital Command  
  20  1:46  Command Center  
  20  1:54  SCV  
  20  2:00  Marine  
  22  2:03  Factory  
  22  2:06  SCV  
  23  2:16  Barracks  
  23  2:18  SCV  
  24  2:23  Barracks Reactor  
  24  2:27  Barracks  
  24  2:31  SCV  
  25  2:43  SCV  
  26  2:46  Cyclone  
  26  2:51  Refinery  
  28  2:55  SCV  
  28  2:58  Orbital Command  
  29  3:00  Marine x2  
  29  3:03  Barracks Tech Lab  
  31  3:07  SCV  
  32  3:19  SCV  
  33  3:20  Orbital Command, Marine x2  
  33  3:22  Barracks Tech Lab, Marine  
  36  3:27  Stimpack  
  36  3:32  SCV  
  37  3:36  Supply Depot  
  37  3:39  Marine x3  
  40  3:45  SCV x2  
  42  3:50  Combat Shield, Supply Depot  
  42  3:51  Marine  
  43  3:57  SCV x2  
  43  4:00  Marine x3  
  47  4:09  Engineering Bay, Marine  
  48  4:11  SCV x2  
  50  4:18  Supply Depot  
  50  4:19  Marine x3  
  50  4:23  SCV  
  50  4:24  SCV  
  55  4:27  Marine  
  56  4:35  SCV, Supply Depot  
  56  4:36  SCV  
  58  4:38  Missile Turret  
  58  4:39  Marine x3  
  58  4:44  Missile Turret, Marine  
  62  4:48  SCV x2  
  62  4:51  Starport  
  64  4:53  Factory Reactor  
  64  4:57  Supply Depot  
  64  4:58  Terran Infantry Weapons Level 1  
  64  5:02  Marine x3  
  64  5:04  Marine  
  64  5:06  SCV x2  
  70  5:12  Supply Depot  
  70  5:18  SCV  
  70  5:19  SCV  
  72  5:22  Marine  
  72  5:23  Refinery, Marauder x2, Marine  
  72  5:24  Concussive Shells  
  78  5:34  Medivac x2  
  82  5:36  SCV x2  
  82  5:37  Supply Depot  
  82  5:39  Factory Reactor  
  84  5:47  Marine x2  
  84  5:48  Marauder x2  
  90  5:52  Refinery  
  90  5:53  SCV x2, Supply Depot  
  92  6:07  Medivac  
  93  6:15  Command Center  
  93  6:16  Marauder x2  
  93  6:18  Medivac  
  98  6:21  Marine x2  
  98  6:23  SCV x2  
  102  6:27  Supply Depot  
  102  6:38  Widow Mine x2  
  110  6:40  Marauder x2  
  110  6:43  Supply Depot  
  110  6:48  Marine x2  
  110  6:49  SCV x2  
  110  6:53  Barracks  
  114  6:56  Terran Infantry Armor Level 1  
  114  6:57  Barracks  
  114  6:59  Medivac x2  
  108  7:07  Marauder x2  
  108  7:08  Widow Mine  
  104  7:11  Marine  
  104  7:12  Marine  
  106  7:17  Widow Mine  
  106  7:19  SCV x2  
  110  7:29  Viking x2  
  112  7:31  Orbital Command  
  112  7:37  Marauder x2  
  116  7:41  Widow Mine x2  
  118  7:45  SCV x2  
  118  7:49  Marine x2  
  122  7:52  Ghost Academy  
  122  7:56  Barracks Tech Lab  
  122  7:57  Orbital Command, Barracks Reactor  
  122  8:00  SCV x2  
  122  8:04  Viking x2  
  128  8:15  Widow Mine x2, SCV x2  
  133  8:22  Ghost x2  
  133  8:23  Supply Depot  
  137  8:30  SCV x2  
  137  8:31  SCV  
  137  8:32  Missile Turret  
  140  8:36  Supply Depot  
  140  8:37  Marine  
  140  8:39  Marine  
  140  8:43  Refinery  
  140  8:44  Refinery, Viking, Ghost  
  140  8:46  SCV  
  145  8:49  Missile Turret  
  143  9:00  Ghost  
  143  9:02  Marine x4  
  146  9:04  Viking  
  146  9:07  Marauder  
  151  9:13  Marine  
  148  9:20  Marine x4  
  144  9:28  Marauder  
  144  9:29  Marine  
  134  9:31  Marauder  
  134  9:38  Marine x4  
  79  9:48  Marauder  
  79  9:49  Medivac  
  79  9:50  Marauder  
  79  9:52  Marine  
  79  9:53  SCV  
  79  9:55  Marine x2  
  79  9:57  SCV  
  83  10:00  Marine  
  83  10:09  Marauder  
  84  10:15  Marauder x2, Marine x3  
  84  10:18  Marine  
  84  10:20  SCV  
  84  10:21  SCV  
  93  10:22  SCV  
  94  10:30  Marine  
  94  10:35  SCV, Ghost x2  
  95  10:40  SCV x2  
  102  10:47  SCV  
  103  10:50  Ghost  
  103  10:53  SCV x2  
  107  11:00  SCV  
  107  11:02  Marine x2  
  107  11:03  Marine x2  
  112  11:05  SCV x2  
  112  11:09  Viking  
  116  11:12  SCV  
  116  11:14  Marine  
  116  11:15  Marauder  
  117  11:18  Marine  
  117  11:20  Marine  
  117  11:22  Marine x2  
Tags
 
Add a new tag
Caveats
  • Supply blocks, unpowered buildings, or Contaminate may cause inaccurate times.
  • Supply counts are checked every 10 seconds.